 Dungeon Crawl Stone Soup version 0.16-a0-2934-g71f8417 (webtiles) character file.

5745 Pikaro the Devastator (level 10, -1/50 HPs)
             Began as a Deep Elf Conjurer on Dec 3, 2014.
             Was a Follower of Vehumet.
             Slain by a killer bee (8 damage)
             ... on level 8 of the Dungeon.
             The game lasted 00:50:47 (17349 turns).

Pikaro the Devastator (Deep Elf Conjurer)          Turns: 17349, Time: 00:50:47

Health: -1/50      AC:  4    Str:  5    XL:     10   Next: 49%
Magic:  1/27       EV: 10    Int: 24    God:    Vehumet [*.....]
Gold:   402        SH:  0    Dex: 15    Spells: 3 memorised, 11 levels left

rFire  . . .     SeeInvis .     g - +1 hand axe (elec)
rCold  . . .     Clarity  .     y - +0 leather armour
rNeg   . . .     SustAb   .     (no shield)
rPois  .         Gourm    .     (helmet restricted)
rElec  .         Spirit   .     j - +0 cloak
rCorr  .         Warding  .     (no gloves)
rMut   .         Stasis   .     (no boots)
MR     +....                    (no amulet)
Stlth  +.........               C - ring of loudness (curse)
                                a - ring of invisibility {+Inv, !d}

@: lethally poisoned, somewhat resistant to hostile enchantments, very
unstealthy
A: horns 1
a: Renounce Religion, Evoke Invisibility


You were on level 8 of the Dungeon.
You worshipped Vehumet.
Vehumet was aware of your devotion.
You were hungry.

You visited 2 branches of the dungeon, and saw 9 of its levels.
You also visited: Sewer.

You collected 402 gold pieces.

Inventory:

Hand weapons
 g - a +1 hand axe of electrocution (weapon)
   (You found it on level 1 of the Dungeon)
Missiles
 q - a throwing net {=f, !d}
Armour
 j - a +0 cloak (worn)
   (You found it on level 6 of the Dungeon)
 y - a +0 leather armour (worn)
   (You took it off an orc on level 7 of the Dungeon)
 E - a +1 helmet
   (You found it on level 7 of the Dungeon)
 G - a +0 helmet
   (You found it on level 8 of the Dungeon)
Jewellery
 a - a ring of invisibility (left hand) {+Inv, !d}
   (You found it on level 5 of the Dungeon)
 C - a cursed ring of loudness (right hand)
   (You found it on level 6 of the Dungeon)
Magical devices
 t - a wand of digging (14)
   (You found it on level 4 of the Dungeon)
Scrolls
 m - 4 scrolls of teleportation
 n - 2 scrolls of recharging
 s - 2 scrolls of fear
 v - 7 scrolls of remove curse
 x - a scroll of amnesia
 D - a scroll of enchant armour
Potions
 d - a potion of flight
 h - a potion of cancellation
 l - a potion of cure mutation {unknown}
 r - a potion of brilliance
 w - a potion of haste
 z - 2 potions of restore abilities
 A - a potion of agility {unknown}
Books
 c - a book of Conjurations
 u - a Grand Grimoire {highlevel, unknown}
   (You found it on level 5 of the Dungeon)
 B - the Volume of Orientation
   (You found it on level 5 of the Dungeon)

   Spells                             Type                      Level
   a - Apportation                    Translocation                1
   b - Blink                          Translocation                2
   c - Control Teleport               Charms/Translocation         4
   d - Phase Shift                    Translocation                5
Comestibles
 b - 7 bread rations {@e1}
 f - 7 meat rations {@e2}
 i - 2 chunks of flesh {@w0}
 p - 2 beef jerkies
 F - 2 royal jellies


   Skills:
 - Level 2.4 Dodging
 - Level 2.4 Stealth
 - Level 6.0 Spellcasting
 + Level 15.7 Conjurations
 - Level 5.3 Charms


You had 11 spell levels left.
You knew the following spells:

 Your Spells              Type           Power        Failure   Level  Hunger
a - Magic Dart            Conj           ####         0%          1    None
b - Iskenderun's Mystic   Conj           ######..     1%          4    ###....
t - Iskenderun's Battles  Conj/Chrm      ######..     2%          5    #####..


Dungeon Overview and Level Annotations

Branches:
Dungeon (8/15)             Temple (1/1) D:7
   Lair: D:8-11

Altars:
Ashenzari
Cheibriados
Dithmenos
Elyvilon
Fedhas
Gozag
Kikubaaqudgha
Makhleb
Nemelex Xobeh
Okawaru
Qazlal
Ru
Sif Muna
Trog
Vehumet
Xom
Yredelemnul
Zin
The Shining One

Annotations:
D:8 Blork the orc


Innate Abilities, Weirdness & Mutations

You have a pair of small horns on your head.


Message History

Things that are here:
an animal skin; a human skeleton You start resting.
A killer bee comes into view.
You regained 2 mp, and now have 22/27 mp.
Spoiler Alert: The killer bee (wandering) is very fast and can poison!
The orb of energy hits the killer bee.
You kill the killer bee!
Vehumet accepts your kill.
The orb of energy explodes!
You now have 18/27 mp.
You start resting.
A killer bee comes into view.
Spoiler Alert: The killer bee (wandering) is very fast and can poison!
The orb of energy misses the killer bee.
A killer bee comes into view.
You now have 14/27 mp.
Warning x2: The killer bee (wandering) is very fast and can poison!
The killer bee is very fast and can poison!
The orb of energy hits the killer bee.
The killer bee barely misses you.
A killer bee comes into view.
You now have 10/27 mp.
Warning x3: The killer bee (wandering) is very fast and can poison!
The killer bee is very fast and can poison! x2
The orb of energy hits the killer bee.
You kill the killer bee!
Vehumet accepts your kill.
The orb of energy explodes!
A killer bee comes into view.
You now have 7/27 mp.
Warning x3: The killer bee is very fast and can poison! x3
The killer bee stings you.
You take 3 damage, and have 47/50 hp.
Warning x2: The killer bee is very fast and can poison! x2
The orb of energy hits the killer bee.
You kill the killer bee!
Vehumet accepts your kill.
* * * LOW MAGIC WARNING * * *
The killer bee stings you.
You are poisoned.
The killer bee poisons you!
You take 6 damage, and have 41/50 hp.
You now have 3/27 mp.
Warning x2: The killer bee is very fast and can poison! x2
You feel sick. The killer bee closely misses you.
You take 1 damage, and have 40/50 hp.
You feel sick. The killer bee stings you.
You see here a robe.
You take 4 damage, and have 36/50 hp.
The orb of energy hits the killer bee.
* * * LOW MAGIC WARNING * * *
You are feeling hungry.
The killer bee closely misses you. The killer bee barely misses you.
Blork the orc comes into view.
He is wielding a war axe.
You now have 0/27 mp.
Warning x2: The killer bee is very fast and can poison! x2
The killer bee stings you! The killer bee barely misses you.
You take 8 damage, and have 28/50 hp.
You feel sick. The killer bee stings you.
You are more poisoned.
The killer bee poisons you! The killer bee stings you!
* * * LOW HITPOINT WARNING * * *
You are lethally poisoned!
The killer bee poisons you! The killer bee stings you.
* * * LOW HITPOINT WARNING * * *
You are more poisoned.
The killer bee poisons you!
You take 17 damage, and have 11/50 hp.
MASSIVE DAMAGE!!
Warning x2: The killer bee is very fast and can poison! x2
Drink which item? (? for menu, Esc to quit)
You feel much better.
You feel sick. The killer bee stings you. The killer bee closely misses you.
The killer bee misses you. The killer bee stings you!
You are more poisoned.
The killer bee poisons you!
You regained 8 hp, and now have 19/50 hp.
Warning x2: The killer bee is very fast and can poison! x2
You feel very sick. The killer bee misses you. The killer bee stings you.
* * * LOW HITPOINT WARNING * * *
You take 9 damage, and have 10/50 hp.
Unknown command.
Drink which item? (? for menu, Esc to quit)
You feel better. The killer bee stings you!
* * * LOW HITPOINT WARNING * * *
The killer bee stings you.
* * * LOW HITPOINT WARNING * * *
The killer bee stings you.
* * * LOW HITPOINT WARNING * * *
You are lethally poisoned!
The killer bee poisons you!
The killer bee stings you but does no damage.
You take 8 damage, and have 2/50 hp.
Warning x2: The killer bee is very fast and can poison! x2
Drink which item? (? for menu, Esc to quit)
Okay, then.
Drink which item? (? for menu, Esc to quit)
You feel better. The killer bee stings you.
* * * LOW HITPOINT WARNING * * *
You are poisoned.
The killer bee poisons you! The killer bee stings you!
You die...

#)).#.y.....#
#..###....##...#
#.## ##....# ..
#. ####[# #.
#.### .. #.>.##
.# #.#..## #..
.. #[.yyo# #..
####@.### #..
#....### #..
###.<..# #..
#.##.# #..
#.##.# #.###.. .
# #.##.##
#...>.. ...
##)#...## ##.#
#.. #..).##.##
##...
####.##.[.#.#..#
##....


You could see Blork the orc and 2 killer bees.

Vanquished Creatures
  2 hill giants (D:7)
  A troll (D:6)
  A hungry ghost (D:6)
  A hippogriff (D:7)
  A slave (D:8)
  5 ogres
  A phantom (D:6)
  A necrophage (D:7)
  An ice beast (D:6)
  6 orc warriors
  A sky beast (D:7)
  4 centaurs
  A big kobold (Sewer)
  A giant frog (D:7)
  A jelly (D:7)
  A scorpion (D:6)
  The ghost of flinch the Insei, a weakling DsMo (D:3)
  9 killer bees
  A quasit (D:6)
  3 crimson imps
  2 goliath beetles
  3 giant frog zombies
  3 hounds (D:6)
  13 orc priests
  A centaur skeleton (D:8)
  A gnoll shaman (D:7)
  5 iguanas
  17 orc wizards
  8 worker ants
  Ijyb (D:3)
  9 adders
  6 gnolls
  5 river rats
  2 shadow imps (D:6)
  2 giant mites (D:4)
  2 worms (D:3)
  An adder skeleton (D:4)
  4 giant geckos
  3 oozes
  36 orcs
  16 bats
  3 bat skeletons
  9 giant cockroaches
  21 hobgoblins
  15 jackals
  12 kobolds
  8 quokkas
  A ball python (D:4)
  8 giant newts
  14 goblins
  A jackal skeleton (D:4)
  A quokka skeleton (D:4)
  25 rats
301 creatures vanquished.

Vanquished Creatures (others)
  A plant (D:7)
1 creature vanquished.

Grand Total: 302 creatures vanquished

Notes
Turn   | Place    | Note
--------------------------------------------------------------
     0 | D:1      | Pikaro, the Deep Elf Conjurer, began the quest for the Orb.
     0 | D:1      | Reached XP level 1. HP: 10/10 MP: 5/5
   400 | D:1      | Reached XP level 2. HP: 15/15 MP: 6/8
   486 | D:1      | Reached skill level 5 in Conjurations
  1611 | D:1      | HP: 3/15 [adder (3)]
  1614 | D:1      | Reached XP level 3. HP: 3/19 MP: 1/10
  2044 | D:2      | Found a blossoming altar of Fedhas.
  2094 | D:2      | Reached skill level 6 in Conjurations
  2335 | D:2      | Reached XP level 4. HP: 24/24 MP: 11/13
  2341 | D:2      | Learned a level 4 spell: Iskenderun's Mystic Blast
  2743 | D:3      | Found a basalt altar of Yredelemnul.
  2822 | D:3      | Noticed Ijyb
  2831 | D:3      | Killed Ijyb
  3171 | D:3      | Found a shadowy altar of Dithmenos.
  3708 | D:3      | Noticed flinch's ghost (weakling DsMo)
  3740 | D:3      | Killed flinch's ghost
  3740 | D:3      | Reached skill level 7 in Conjurations
  3740 | D:3      | Reached XP level 5. HP: 28/28 MP: 0/16
  4042 | D:3      | Found a basalt altar of Yredelemnul.
  4248 | D:3      | Found a shadowy altar of Dithmenos.
  4678 | D:4      | Got a crude ring mail
  4684 | D:4      | Identified the cursed -5 ring mail of Hadjma {+Inv +Fly rF+ Dex+3} (You found it on level 4 of the Dungeon)
  4980 | D:4      | Reached skill level 8 in Conjurations
  5086 | D:4      | Found a glowing drain.
  5088 | D:4      | Reached XP level 6. HP: 32/32 MP: 9/18
  5102 | Sewer    | Entered a sewer
  5114 | Sewer    | HP: 7/32 [river rat (7)]
  5407 | Sewer    | Found a white marble altar of Elyvilon.
  5677 | D:4      | Reached skill level 9 in Conjurations
  5885 | D:4      | Found a deep blue altar of Sif Muna.
  5894 | D:4      | Reached XP level 7. HP: 36/36 MP: 11/20
  6391 | D:4      | Found a deep blue altar of Sif Muna.
  6835 | D:5      | Entered Level 5 of the Dungeon
  6848 | D:5      | Found a glowing golden altar of the Shining One.
  6904 | D:5      | Learned a level 5 spell: Iskenderun's Battlesphere
  7137 | D:5      | Gained mutation: You have sharp toenails. [potion of mutation]
  7137 | D:5      | Lost mutation: You have sharp toenails. [potion of mutation]
  7148 | D:5      | Reached skill level 10 in Conjurations
  7433 | D:5      | Identified the Volume of Orientation
  8191 | D:5      | Found a glowing golden altar of the Shining One.
  8425 | D:5      | Reached skill level 11 in Conjurations
  8425 | D:5      | Reached XP level 8. HP: 41/41 MP: 3/21
  9046 | D:6      | Found a deep blue altar of Sif Muna.
  9417 | D:6      | Reached skill level 12 in Conjurations
 10297 | D:6      | Reached skill level 13 in Conjurations
 10349 | D:6      | Found a sparkling altar of Nemelex Xobeh.
 10523 | D:6      | Reached XP level 9. HP: 43/45 MP: 15/22
 10933 | D:6      | Found a deep blue altar of Sif Muna.
 11583 | D:6      | Found a sparkling altar of Nemelex Xobeh.
 12516 | D:7      | Reached skill level 14 in Conjurations
 13441 | D:7      | Found an ancient bone altar of Kikubaaqudgha.
 13875 | D:7      | Found a staircase to the Ecumenical Temple.
 13885 | Temple   | Entered the Ecumenical Temple
 14053 | Temple   | Became a worshipper of Vehumet
 14337 | D:7      | Noticed a hill giant
 14468 | D:7      | HP: 3/45 [hill giant/giant club (39)]
 14476 | D:7      | Killed a hill giant
 14476 | D:7      | Reached skill level 15 in Conjurations
 14722 | D:7      | Reached skill level 1 in Charms
 14797 | D:7      | Reached XP level 10. HP: 50/50 MP: 0/24
 15149 | D:7      | Got a brightly glowing chain mail
 15156 | D:7      | Reached skill level 4 in Spellcasting
 15156 | D:7      | Reached skill level 2 in Charms
 15401 | D:7      | Reached skill level 3 in Charms
 15533 | D:7      | Found an ancient bone altar of Kikubaaqudgha.
 15595 | D:7      | Gained mutation: You have a pair of small horns on your head. [mutagenic meat]
 15705 | D:7      | Found a staircase to the Ecumenical Temple.
 15807 | D:7      | HP: 8/50 [acid (6)]
 15872 | D:7      | Reached skill level 5 in Spellcasting
 15872 | D:7      | Reached skill level 4 in Charms
 16121 | D:7      | Noticed a hill giant
 16125 | D:7      | Killed a hill giant
 16125 | D:7      | Reached skill level 6 in Spellcasting
 16125 | D:7      | Reached skill level 5 in Charms
 16830 | D:8      | Acquired Vehumet's first power
 16830 | D:8      | Offered knowledge of Sting by Vehumet.
 17148 | D:8      | Found an iron altar of Okawaru.
 17344 | D:8      | Noticed Blork the orc
 17345 | D:8      | HP: 11/50 [killer bee (4)]
 17348 | D:8      | HP: 3/50 [killer bee (6)]
 17349 | D:8      | Slain by a killer bee

Action                   |  1- 3 |  4- 6 |  7- 9 | 10-12 || total
-------------------------+-------+-------+-------+-------++-------
Melee: Hand axe          |     1 |    19 |    25 |    13 ||    58
Throw: Tomahawk          |       |     2 |       |       ||     2
 Cast: Magic Dart        |    80 |   164 |   226 |    41 ||   511
       Iskenderun's Myst |       |    19 |   128 |    56 ||   203
  Use: Potion            |     1 |     2 |     8 |     5 ||    16
       Scroll            |       |     5 |    11 |     2 ||    18
  Eat: Chunk             |     4 |    14 |    49 |    10 ||    77
       Fruit             |       |       |     2 |     1 ||     3
       Beef jerky        |       |       |       |     3 ||     3

Vault maps used:
D:1:      minmay_arrival_wavy_path
D:2:      first_bread, fedhas_altar_3
D:3:      old_standard_altar, lemuel_doored_altar, minmay_splitting_lines,
          uniq_iyjb
D:4:      led_sif_book, portal_sewer_entry_e
D:5:      st_stairs_13, tso_metal_star
D:6:      kennysheep_orc_sif_temple, lemuel_crystal_altar
D:7:      kiku_gazebo_garden_becter, temple_hall
D:8:      lemuel_round_altar, grunt_livestock, hangedman_decor_diamond_cutter,
          hangedman_incinerator, uniq_blork_the_orc, uniq_pikel
Temple:   water_room_temple_b_12
Sewer:    sewer_kobolds

Table legend:
 A = Turns spent in this place as a percentage of turns spent in the entire game.
 B = Non-inter-level travel turns spent in this place as a percentage of non-inter-level travel turns spent in the entire game.
 C = Inter-level travel turns spent in this place as a percentage of turns spent in this place.
 D = Turns resting spent in this place as a percentage of non-inter-level travel turns spent in this place.
 E = Turns spent auto-exploring this place as a percentage of non-inter-level travel turns spent in this place.
 F = Non-inter-level travel turns spent in this place divided by the number of levels of this place that you've seen.
                   A       B       C       D       E      F
               +-------+-------+-------+-------+-------+----------------------
         Total | 100.0 | 100.0 |   0.4 |  14.9 |  10.2 | 317.4
       Dungeon |  95.4 |  95.3 |   0.4 |  15.4 |  10.1 | 378.2
        Temple |   1.9 |   1.9 |   0.0 |   0.0 |  16.4 |  61.0
         Sewer |   2.7 |   2.7 |   0.0 |   9.2 |   8.0 |  87.0
               +-------+-------+-------+-------+-------+----------------------

Table legend:
 A = Kills in this place as a percentage of kills in entire the game.
 B = Kills by you in this place as a percentage of kills by you in the entire game.
 C = Kills by friends in this place as a percentage of kills by friends in the entire game.
 D = Other kills in this place as a percentage of other kills in the entire game.
 E = Experience gained in this place as a percentage of experience gained in the entire game.
 F = Experience gained in this place divided by the number of levels of this place that you have seen.
                   A       B       C       D       E      F
               +-------+-------+-------+-------+-------+----------------------
         Total | 100.0 | 100.0 |  -nan |  -nan | 100.0 | 820.8
       Dungeon |  96.7 |  96.7 |  -nan |  -nan |  98.4 | 1009.5
         Sewer |   3.3 |   3.3 |  -nan |  -nan |   1.6 | 132.0
               +-------+-------+-------+-------+-------+----------------------
